 Dungeon Crawl Stone Soup version 0.29.0-11-gd7f09526c8 (webtiles) character file.

Game seed: 6706848630617329640

222 concernfroge the Trooper (level 5, -1/47 HPs)
             Began as a Mummy Monk on Sept 4, 2022.
             Slain by a centaur (4 damage)
             ... on level 5 of the Dungeon.
             The game lasted 00:06:35 (2453 turns).

concernfroge the Trooper (Mummy Monk)               Turns: 2453, Time: 00:06:36

Health: -1/47      AC:  7    Str: 17    XL:     5   Next: 66%
Magic:  5/5        EV: 11    Int:  9    God:
Gold:   134        SH:  0    Dex: 14    Spells: 4/4 levels left

rFire   x . .      SeeInvis .   a - +0 spear
rCold   + . .      Faith    .   (no shield)
rNeg    + + +      Spirit   .   j - +0 ring mail
rPois   ∞          Reflect  .   (no helmet)
rElec   .          Harm     .   (no cloak)
rCorr   .          Rampage  .   (no gloves)
Will    .....                   d - +1 pair of boots
Stlth   ..........              (no amulet)
HPRegen 0.15/turn               (no ring)
MPRegen 0.09/turn               (no ring)

@: silenced
A: cold resistance 1, negative energy resistance 3, torment resistance 2, heat
vulnerability 1, in touch with death 1, no potions
a: no special abilities


You were on level 5 of the Dungeon.
You visited 1 branch of the dungeon, and saw 5 of its levels.

You collected 134 gold pieces.

Inventory:

Hand Weapons
 a - a +0 spear (weapon)
Missiles
 m - 6 poisoned darts (quivered)
Armour
 b - a +0 plate armour
 d - a +1 pair of boots (worn)
 j - a +0 ring mail (worn)
Jewellery
 i - a ring of ice
Scrolls
 g - a scroll of enchant armour
 h - 2 scrolls of teleportation
 n - a scroll of fear {unknown}
 o - a scroll of enchant weapon {unknown}


   Skills:
 + Level 6.4 Fighting
 - Level 2.4 Polearms
 - Level 2.4 Dodging
 - Level 1.5 Stealth


You had 4 spell levels left.
You didn't know any spells.
Your spell library contained the following spells:

 Spells                   Type           Power      Damage    Failure   Level
 Summon Ice Beast         Ice/Summ       0%         N/A       100%        4
 Summon Mana Viper        Hex/Summ       0%         N/A       100%        5
 Malign Gateway           Summ/Tloc      0%         N/A       100%        7
 Monstrous Menagerie      Summ           0%         N/A       100%        7
 Summon Horrible Things   Summ           0%         N/A       100%        8


Dungeon Overview and Level Annotations

Branches:
Dungeon (5/15)
 Temple: D:4-7

Altars:
Cheibriados
Makhleb
Sif Muna
Vehumet

Annotations:
D:2 Sigmund
D:4 Eustachio


Innate Abilities, Weirdness & Mutations

You are immune to poison.
Your flesh is cold resistant. (rC+)
You are immune to negative energy. (rN+++)
You are immune to unholy pain and torment.
You are vulnerable to heat. (rF-)
You are in touch with the powers of death.
You do not drink.


Message History

The centaur kicks you but does no damage.
The centaur hits you. The centaur closely misses you.
You barely miss the centaur.
The centaur is lightly wounded.
The centaur hits you.
* * * LOW HITPOINT WARNING * * *
The centaur kicks you but does no damage.
You closely miss the centaur.
The centaur is lightly wounded.
The centaur hits you but does no damage.
The centaur kicks you but does no damage.
The centaur hits you.
* * * LOW HITPOINT WARNING * * *
The centaur kicks you but does no damage.
You aren't carrying any items that you can evoke.
Sorry, you're not good enough to have a special ability.
You barely miss the centaur.
The centaur is lightly wounded.
The centaur hits you.
* * * LOW HITPOINT WARNING * * *
The centaur barely misses you.
You hit the centaur.
The centaur is moderately wounded.
The centaur hits you but does no damage.
The centaur kicks you but does no damage.
You barely miss the centaur.
The centaur is moderately wounded.
The centaur hits you but does no damage.
The centaur kicks you but does no damage.
The centaur hits you.
* * * LOW HITPOINT WARNING * * *
The centaur kicks you but does no damage.
You hit the centaur.
The centaur is moderately wounded.
The centaur completely misses you.
The centaur kicks you but does no damage.
You barely miss the centaur.
The centaur is moderately wounded.
The centaur hits you.
You die...

##.........### #..........##
##..#######..#####............#
_..###_._###.._##.............#
##..##...##..####..............
##.........## #.?.........>.#.
####...#### #.............#
##_## ##....<.......## ###
#.............# #.@c..........#
##.#.#........##
#..#.###.>...## ####.. ######
.#. .... .. .. .. ...


You could see a centaur.

Vanquished Creatures
  A necrophage (D:5)
  2 hounds
  A gnoll (D:3)
  2 adders (D:5)
  A worm (D:3)
  5 dart slugs (D:1)
  7 bats
  4 endoplasms
  2 giant cockroaches (D:3)
  A goblin (D:1)
  9 hobgoblins
  2 jackals (D:1)
  A quokka (D:1)
  11 ball pythons
  2 frilled lizards (D:1)
  4 kobolds
  4 rats
59 creatures vanquished.

Notes
Turn   | Place    | Note
-------+----------+-------------------------------------------
     0 | D:1      | concernfroge the Mummy Monk began the quest for the Orb.
     0 | D:1      | Reached XP level 1. HP: 18/18 MP: 1/1
    74 | D:1      | Reached XP level 2. HP: 4/24 MP: 2/2
   479 | D:1      | Noticed a shining eye
   482 | D:1      | Found a faded altar of an unknown god.
   490 | D:1      | Noticed a shining eye
   490 | D:1      | Noticed a golden eye
   490 | D:1      | Noticed an eye of devastation
   542 | D:1      | Reached skill level 4 in Fighting
   762 | D:1      | Gained mutation: You are in touch with the powers of death.
                  | [Mummy growth]
   762 | D:1      | Reached XP level 3. HP: 30/30 MP: 3/3
  1325 | D:2      | Noticed Sigmund
  1889 | D:3      | Reached XP level 4. HP: 38/38 MP: 4/4
  2015 | D:3      | Reached skill level 5 in Fighting
  2144 | D:4      | Noticed Eustachio
  2172 | D:5      | Entered Level 5 of the Dungeon
  2172 | D:5      | Found a burning altar of Makhleb.
  2174 | D:5      | Noticed an ice beast
  2181 | D:5      | Found a snail-covered altar of Cheibriados.
  2181 | D:5      | Found a faded altar of an unknown god.
  2181 | D:5      | Found a radiant altar of Vehumet.
  2191 | D:5      | Reached XP level 5. HP: 39/46 MP: 5/5
  2191 | D:5      | Found a shimmering blue altar of Sif Muna.
  2257 | D:5      | Reached skill level 6 in Fighting
  2434 | D:5      | Noticed a centaur
  2453 | D:5      | Slain by a centaur

Illustrated notes

Levels and vault maps discovered:
D:1:      minmay_arrival_four_loops, layout_loops_ring,
          hellmonk_ecumenical_altar_watching_god
D:2:      layout_loops_cross, uniq_sigmund, uniq_robin, uniq_crazy_yiuf_cottage
D:3:      layout_rooms
D:4:      layout_rooms, minmay_misc_feat_rugged, uniq_eustachio
D:5:      minmay_skewed_foursquare, layout_cave_pods, lemuel_tele_altar,
          chequers_temple_overflow_minitemple, grunt_ministairs_8

Skill      XL: |  1  2  3  4  5 |
---------------+----------------+-----
Fighting       | 4 5 6 |  6.4
Polearms       | |  2.4
Dodging        | |  2.4
Stealth        | |  1.5

Action                   |  1- 3 |  4- 6 || total
-------------------------+-------+-------++-------
Melee: Spear             |   187 |    82 ||   269
       Punch             |     1 |       ||     1
  Use: Scroll            |       |     7 ||     7
 Stab: Sleeping          |     8 |       ||     8
Armor: Robe              |    21 |       ||    21
       Ring mail         |    28 |    41 ||    69
Dodge: Dodged            |    75 |    62 ||   137
